 Dungeon Crawl Stone Soup version 0.21-a0-401-g0b6bec4 (webtiles) character file.

627 theanonym the Bolt Thrower (level 7, -1/39 HPs)
             Began as a Kobold Hunter on Oct 22, 2017.
             Killed from afar by an orc wizard (10 damage)
             ... with a puff of flame
             ... on level 4 of the Dungeon.
             The game lasted 00:18:15 (6334 turns).

theanonym the Bolt Thrower (Kobold Hunter)          Turns: 6334, Time: 00:18:15

Health: -1/39      AC:  4    Str:  9    XL:     7   Next: 77%
Magic:  7/7        EV: 17    Int: 13    God:
Gold:   242        SH:  0    Dex: 17    Spells: 6/6 levels left

rFire    . . .     SeeInvis .   a - +1 hand crossbow
rCold    . . .     Gourm    .   (shield restricted)
rNeg     . . .     Faith    .   c - +1 leather armour
rPois    .         Spirit   .   (no helmet)
rElec    .         Reflect  .   (no cloak)
rCorr    .         Harm     .   (no gloves)
MR       .....                  (no boots)
Stlth    ++++......             (no amulet)
HPRegen  0.13/turn              (no ring)
MPRegen  0.10/turn              (no ring)

@: no status effects
A: talons 1, camouflage 1, carnivore 3, deterioration 1, frail 1
a: no special abilities


You were on level 4 of the Dungeon.
You were very full.

You visited 1 branch of the dungeon, and saw 5 of its levels.

You collected 242 gold pieces.

Inventory:

Hand Weapons
 a - a +1 hand crossbow (weapon)
 b - a +0 short sword
Armour
 c - a +1 leather armour (worn)
 m - a +0 pair of gloves
   (You found it on level 4 of the Dungeon)
Scrolls
 g - a scroll of remove curse
 l - a scroll of amnesia
 r - 2 scrolls of identify
Potions
 h - a potion of brilliance
Comestibles
 f - 2 meat rations


   Skills:
 + Level 4.3 Fighting
 * Level 7.7 Crossbows
 + Level 4.7 Dodging
 - Level 5.0 Stealth


You had 6 spell levels left.
You didn't know any spells.

Dungeon Overview and Level Annotations

Branches:
Dungeon (5/15)
 Temple: D:4-7

Altars:
Hepliaklqana
Ru
Trog
Yredelemnul
The Shining One

Annotations:
D:4 Pikel
D:5 teton's ghost, novice GrEE


Innate Abilities, Weirdness & Mutations

You are small and have problems with some larger weapons.
You are carnivorous and can eat meat at any time.
You have sharp toenails.
Your skin changes colour to match your surroundings (Stealth+).
Your body sometimes deteriorates upon taking damage.
You are frail. (-10% HP)


Message History

You start resting.
Firing (i - inventory): No suitable missiles.
Aim: an orc wizard, wielding a dagger and wearing a robe (hasn't noticed you)
Okay, then.
a - a +1 hand crossbow (weapon)
Aim: an orc wizard, wielding a dagger and wearing a robe (hasn't noticed you)
You shoot a bolt. The orc wizard shouts!
The bolt hits the orc wizard but does no damage.
The orc wizard points at you and mumbles some strange words.
You are confused.
Aim: an orc wizard, wielding a dagger and wearing a robe You shoot a bolt.
Firing (i - inventory): No suitable missiles.
Aim: an orc wizard, wielding a dagger and wearing a robe
Okay, then.
It was a potion of cancellation.
Your magical effects are unravelling.
You feel magically purged.
You feel less confused.
The orc wizard points at you and mumbles some strange words.
You are confused.
Your magical effects are unravelling.
You feel magically purged.
You feel less confused.
b - a +0 short sword (weapon)
The orc wizard closely misses you.
You hit the orc wizard but do no damage.
The orc wizard hits you but does no damage.
Your leather armour prevents you from hitting the orc wizard.
The orc wizard hits you but does no damage.
The orc wizard barely misses you.
You hit the orc wizard but do no damage.
The orc wizard hits you with a dagger.
You take 2 damage, and have 36/44 hp.
The orc wizard hits you but does no damage.
The orc wizard barely misses you.
The orc wizard gestures at you while chanting.
You resist with some effort.
Things that are here:
a bolt; a dagger; 4 gold pieces
d - a bolt
a - a +1 hand crossbow (weapon)
Aim: an orc wizard, wielding a dagger and wearing a robe You shoot a bolt.
The bolt hits the orc wizard!
The orc wizard casts a spell at you.
You are confused.
The orc wizard completely misses you.
You bump into the rock wall.
Pikel shouts!
The orc wizard gestures at you while chanting.
You are more confused.
You closely miss the orc wizard.
The orc wizard hits you but does no damage.
The orc wizard barely misses you.
You clumsily bash Pikel but do no damage.
The orc wizard barely misses you. Pikel hits you with a whip of flaming!
Pikel burns you.
You take 14 damage, and have 23/44 hp.
MASSIVE DAMAGE!!
You're too confused!
You feel extremely strange.
You feel yourself wasting away.
Your skin functions as natural camouflage.
You feel frail.
Your toenails lengthen and sharpen.
The orc wizard hits you but does no damage.
Pikel hits you but does no damage.
Unknown command.
You bump into the rock wall.
The orc wizard closely misses you. Pikel hits you with a whip of flaming.
Pikel burns you.
You take 3 damage, and have 20/39 hp.
You're too confused to move!
The orc wizard hits you with a dagger.
* * * LOW HITPOINT WARNING * * *
Pikel hits you with a whip of flaming.
* * * LOW HITPOINT WARNING * * *
Pikel burns you.
* * * LOW HITPOINT WARNING * * *
You take 6 damage, and have 14/39 hp.
You miss the orc wizard.
The slave shouts!
Your kick misses the orc wizard.
You hear a shout!
The orc wizard barely misses you. Pikel hits you but does no damage.
The orc wizard hits you with a dagger.
* * * LOW HITPOINT WARNING * * *
Pikel hits you with a whip of flaming.
* * * LOW HITPOINT WARNING * * *
Pikel burns you.
* * * LOW HITPOINT WARNING * * *
You take 6 damage, and have 8/39 hp.
You bump into the rock wall.
The orc wizard barely misses you. Pikel barely misses you.
You feel less confused.
The orc wizard points at you and mumbles some strange words.
You resist with some effort. The orc wizard closely misses you.
Things that are here:
a dagger; 4 gold pieces The orc wizard points at you and mumbles some strange words.
The puff of flame hits you!
You die...

###### .....# .. .....### ####
.#..... .......###### ######(# .
. #..... .....#......# #.....[#
#.###....#
.....######.###.....####.#.......
.....# ####..pK)@..####..........
#.######....>.o.........#._......
#.# #..######.......#####O.....
..#####.## #([........p......<
..##....# #.)(.##.#####.p....
..##.#### #....#........#....
.....# ##.[.....######..#.#
..#### ####...####.#####..##.#
..# ##......####.##.........


You could see Pikel, a slave and an orc wizard.

Vanquished Creatures
  A phantom (D:4)
  An ogre (D:4)
  A bullfrog (D:3)
  A scorpion (D:4)
  A hound (D:4)
  2 orc priests (D:4)
  2 iguanas
  2 worker ants (D:4)
  5 adders
  3 worms
  A dart slug (D:1)
  7 leopard geckos
  10 orcs
  8 bats
  5 giant cockroaches
  7 goblins
  7 hobgoblins
  4 jackals (D:2)
  2 ball pythons (D:2)
  3 frilled lizards
  13 kobolds
  5 rats
91 creatures vanquished.

Notes
Turn   | Place    | Note
-------+----------+-------------------------------------------
     0 | D:1      | theanonym the Kobold Hunter began the quest for the Orb.
     0 | D:1      | Reached XP level 1. HP: 12/12 MP: 1/1
   133 | D:1      | Reached skill level 5 in Crossbows
   133 | D:1      | Reached XP level 2. HP: 17/18 MP: 2/2
   383 | D:1      | Reached skill level 2 in Stealth
   602 | D:1      | Found a glowing golden altar of the Shining One.
   608 | D:1      | Reached XP level 3. HP: 22/22 MP: 3/3
   893 | D:2      | Found a sacrificial altar of Ru.
   961 | D:2      | Reached skill level 3 in Dodging
  1077 | D:2      | Reached XP level 4. HP: 23/27 MP: 4/4
  1350 | D:2      | Reached skill level 3 in Fighting
  2257 | D:3      | Noticed a bullfrog
  2513 | D:3      | Wingboner: Красноглазая ящерка побеждает красного зубастого червяка и большую зелёную лягушку. Прямо репортаж из-под лопуха.
  2571 | D:3      | Reached XP level 5. HP: 32/32 MP: 5/5
  2804 | D:3      | Reached skill level 3 in Stealth
  2879 | D:3      | Killed a bullfrog
  2879 | D:3      | Reached skill level 6 in Crossbows
  3066 | D:3      | HP: 4/32 [iguana (12)]
  3071 | D:3      | Reached XP level 6. HP: 5/37 MP: 6/6
  3863 | D:4      | Found a hazy altar of Hepliaklqana.
  3882 | D:4      | theanonym: Почему у кободьдов нет защиты от яда
  3883 | D:4      | HP: 7/37 [scorpion (9)]
  3941 | D:4      | Noticed an ogre
  4121 | D:4      | Reached skill level 4 in Dodging
  4121 | D:4      | Reached skill level 4 in Stealth
  4471 | D:4      | theanonym: Они раньше вроде могли есть гнилую еду
  4583 | D:4      | Noticed a phantom
  4670 | D:4      | Noticed an ogre
  4916 | D:4      | Found a basalt altar of Yredelemnul.
  4964 | D:4      | Noticed a phantom
  5038 | D:4      | Killed a phantom
  5038 | D:4      | Reached skill level 4 in Fighting
  5038 | D:4      | Reached skill level 7 in Crossbows
  5038 | D:4      | Reached XP level 7. HP: 12/43 MP: 7/7
  5504 | D:4      | Noticed Pikel
  5607 | D:5      | Entered Level 5 of the Dungeon
  5608 | D:5      | Noticed teton's ghost (novice GrEE)
  5699 | D:5      | Wingboner: У них защита только от заразы была.
  5703 | D:5      | HP: 7/43 [teton's ghost (6)]
  5706 | D:4      | Wingboner: Не гнилую, а заразную.
  5706 | D:4      | HP: 2/43 [orc wizard/puff of flame (6)]
  5750 | D:4      | Found a bloodstained altar of Trog.
  6084 | D:5      | HP: 5/43 [teton's ghost/blast of sand (5)]
  6115 | D:5      | HP: 7/43 [slave[Pikel] (3)]
  6247 | D:4      | Reached skill level 5 in Stealth
  6327 | D:4      | Gained mutation: Your body sometimes deteriorates upon taking damage. [potion of mutation]
  6327 | D:4      | Gained mutation: Your skin changes colour to match your surroundings (Stealth+). [potion of mutation]
  6327 | D:4      | Gained mutation: You are frail. (-10% HP) [potion of mutation]
  6327 | D:4      | Gained mutation: You have sharp toenails. [potion of mutation]
  6334 | D:4      | Killed from afar by an orc wizard

Vault maps used:
D:1:      saegor_arrival_simple_c, kennysheep_flooded_box
D:2:      nicolae_overflow_crystal_walls, mrwooster_statue_mirror
D:3:      first_bread
D:4:      kennysheep_goblin_castle, yredelemnul_altar_generic,
          overflow_temple_1_default,
          nicolae_gozag_cash_rules_everything_around_me, lightli_temple_of_fire,
          cheibrodos_sewer_entry_bend, minmay_goblin_kobold_house, uniq_pikel
D:5:      okawaru_gym_becter, grunt_temple_overflow_growth_and_decay,
          minmay_splitting_lines, hangedman_ru_absence

Skill      XL: |  1  2  3  4  5  6  7 |
---------------+----------------------+-----
Crossbows      | 5 6 7 |  7.7
Stealth        | 2 3 4 5 |  5.0
Dodging        | 3 4 |  4.7
Fighting       | 3 4 |  4.3

Action                   |  1- 3 |  4- 6 |  7- 9 || total
-------------------------+-------+-------+-------++-------
Melee: Short sword       |    59 |   166 |    45 ||   270
       Hand crossbow     |       |       |     3 ||     3
 Fire: Hand crossbow     |    40 |    62 |    35 ||   137
  Use: Scroll            |       |     8 |     4 ||    12
       Potion            |       |     3 |     6 ||     9
 Stab: Sleeping          |     1 |    10 |     1 ||    12
       Invisible         |       |     2 |       ||     2
  Eat: Chunk             |     9 |    12 |     2 ||    23
Armor: Leather armour    |    31 |    20 |    20 ||    71
Dodge: Dodged            |   104 |   163 |    99 ||   366

Table legend:
 A = Spawn XP
 B = Non-spawn XP
 C = Spawn XP percentage of total XP
 D = Spawn monster count
 E = Non-spawn monster count
 F = Spawn count percentage of total count
 G = Total turns spent on level
                    A         B        C        D         E        F      G
               +---------+---------+-------+---------+---------+-------+---------
         Total |       0 |     897 |   0.0 |       0 |      91 |   0.0 |  6334
               +---------+---------+-------+---------+---------+-------+---------
           D:1 |       0 |      44 |   0.0 |       0 |      23 |   0.0 |   976
           D:2 |       0 |      87 |   0.0 |       0 |      26 |   0.0 |  1268
           D:3 |       0 |     167 |   0.0 |       0 |      21 |   0.0 |  1934
           D:4 |       0 |     599 |   0.0 |       0 |      21 |   0.0 |  2065
               +---------+---------+-------+---------+---------+-------+---------
